 Dungeon Crawl Stone Soup version 0.25-a0-528-g6b7c99946c (webtiles) character file.

Game seed: 8444169119267108889, levelgen mode: deterministic

661 ReteAZ the Spear-Bearer (level 7, -4/53 HPs)
             Began as a Merfolk Gladiator on Feb 19, 2020.
             Slain by Prince Ribbit (6 damage)
             ... on level 4 of the Dungeon.
             The game lasted 00:08:48 (4593 turns).

ReteAZ the Spear-Bearer (Merfolk Gladiator)         Turns: 4593, Time: 00:08:48

Health: -4/53      AC:  7    Str: 13    XL:     7   Next: 56%
Magic:  7/7        EV: 16    Int: 10    God:
Gold:   259        SH:  0    Dex: 18    Spells: 6/6 levels left

rFire    . . .     SeeInvis .   a - +0 trident
rCold    . . .     Gourm    .   (no shield)
rNeg     . . .     Faith    +   k - +2 robe {Archmagi}
rPois    .         Spirit   .   c - +0 helmet
rElec    .         Reflect  .   (no cloak)
rCorr    .         Harm     .   n - +1 pair of gloves
MR       .....                  (no boots)
Stlth    ++........             u - amulet of faith
HPRegen  0.17/turn              (no ring)
MPRegen  0.10/turn              (no ring)

@: no status effects
A: change form in water, swift swim, stealthy swim, agile 1, clever 1, weak 1
a: no special abilities


You were on level 4 of the Dungeon.
You were near starving.

You visited 1 branch of the dungeon, and saw 5 of its levels.

You collected 259 gold pieces.

Inventory:

Hand Weapons
 a - a +0 trident (weapon)
Missiles
 d - 3 throwing nets (quivered)
Armour
 b - a +0 leather armour
 c - a +0 helmet (worn)
 k - a +2 robe of the Archmagi (worn)
 n - a +1 pair of gloves (worn)
Jewellery
 u - an amulet of faith (around neck)
Wands
 t - a wand of flame (23)
Scrolls
 e - 8 scrolls of identify {unknown}
 h - a scroll of teleportation {unknown}
 i - a scroll of magic mapping {unknown}
 l - a scroll of amnesia {unknown}
 o - 2 scrolls of remove curse {unknown}
 p - 2 scrolls of fog {unknown}
 q - a scroll of enchant weapon {unknown}
 r - a scroll of noise {unknown}
Potions
 m - 2 potions of curing {unknown}
 s - a potion of brilliance {unknown}
Comestibles
 f - 11 rations


   Skills:
 + Level 3.9 Fighting
 + Level 10.5 Polearms
 - Level 2.0 Throwing
 + Level 5.5 Dodging


You had 6 spell levels left.
You didn't know any spells.
Your spell library contained the following spells:

 Spells                   Type           Power        Failure   Level  Hunger
 Magic Dart               Conj           #...         36%         1    ##.....
 Blink                    Tloc           N/A          50%         2    ###....
 Call Imp                 Summ           #.......     50%         2    ###....
 Slow                     Hex            #.......     50%         2    ###....
 Conjure Flame            Conj/Fire      #.......     75%         3    ####...
 Mephitic Cloud           Conj/Pois/Air  #.......     75%         3    ####...


Dungeon Overview and Level Annotations

Branches:
Dungeon (5/15)
 Temple: D:4-7

Altars:

Annotations:
D:4 Prince Ribbit


Innate Abilities, Weirdness & Mutations

You revert to your normal form in water.
You are very nimble and swift while swimming.
You are very stealthy in the water. (Stealth+)
You are agile. (Dex +2)
Your mind is acute. (Int +2)
You are weak. (Str -2)


Message History

You are too injured to fight recklessly!
You are too injured to fight recklessly!
You are too injured to fight recklessly!
You are too injured to fight recklessly!
You are too injured to fight recklessly!
You are too injured to fight recklessly!
You are too injured to fight recklessly!
You barely miss Prince Ribbit.
Prince Ribbit is severely wounded.
Prince Ribbit hits you!
You closely miss Prince Ribbit.
Prince Ribbit is severely wounded.
Prince Ribbit hits you!
* * * LOW HITPOINT WARNING * * *
You barely miss Prince Ribbit.
Prince Ribbit is severely wounded.
Prince Ribbit hits you!
* * * LOW HITPOINT WARNING * * *
Prince Ribbit hits you.
You die...

****##**
*,,,,..*######***********
*,***#.##....,,,,,,,,,,,*** *,*
#(.....#**,,,,,,,,,,,, *,*
#......###,*,,,,,,,,,, *.#
#........,,,,*****,**, #.#
*#....F#**,*,* *,**, #.#
#...@.# *,*,* *,**, #.#
###.#####.#.**##*,**, ##.##
#..........,..#*,**,
####...#####..#####...##.#*,,..
#.............# **#..#.#***#.
#.##...######.# #..#.# #.
#.###.## #.# #.(#.# #.
##.###..######.# #..#.#####.
#..........>...# #..........


You could see Prince Ribbit.

Vanquished Creatures
  Sigmund (D:3)
  A phantom (D:4)
  A bullfrog (D:3)
  A scorpion (D:4)
  Jessica (D:3)
  Natasha (thrice) (D:4)
  An iguana (D:4)
  Robin (D:2)
  A gnoll (D:1)
  6 adders
  2 oozes
  2 worms
  4 leopard geckos
  7 bats
  2 giant cockroaches (D:3)
  14 goblins
  10 hobgoblins
  7 jackals
  11 kobolds
  A quokka (D:3)
  2 frilled lizards
  4 rats
  A fungus (D:1)
  A plant (D:1)
85 creatures vanquished.

Vanquished Creatures (others)
  3 toadstools (D:1)
3 creatures vanquished.

Grand Total: 88 creatures vanquished

Notes
Turn   | Place    | Note
-------+----------+-------------------------------------------
     0 | D:1      | ReteAZ the Merfolk Gladiator began the quest for the Orb.
     0 | D:1      | Reached XP level 1. HP: 16/16 MP: 1/1
    86 | D:1      | Reached skill level 5 in Polearms
    86 | D:1      | Reached XP level 2. HP: 21/22 MP: 2/2
   345 | D:1      | Reached skill level 6 in Polearms
   345 | D:1      | Reached XP level 3. HP: 27/27 MP: 3/3
   935 | D:2      | Reached skill level 7 in Polearms
   935 | D:2      | Reached XP level 4. HP: 31/33 MP: 4/4
  1620 | D:3      | Noticed Robin
  1667 | D:2      | Killed Robin
  1883 | D:3      | Noticed Sigmund
  1897 | D:3      | Reached skill level 8 in Polearms
  1897 | D:3      | Reached XP level 5. HP: 32/38 MP: 5/5
  1914 | D:3      | Gained mutation: Your mind is acute. (Int +2) [potion of
                  | mutation]
  1914 | D:3      | Gained mutation: You are weak. (Str -2) [potion of
                  | mutation]
  1914 | D:3      | Gained mutation: You are agile. (Dex +2) [potion of
                  | mutation]
  1957 | D:3      | Killed Sigmund
  1957 | D:3      | Reached skill level 9 in Polearms
  1957 | D:3      | Reached XP level 6. HP: 15/44 MP: 6/6
  2520 | D:3      | Reached skill level 10 in Polearms
  2671 | D:3      | Noticed Jessica
  2674 | D:3      | Killed Jessica
  2878 | D:4      | Noticed Natasha
  2895 | D:4      | Killed Natasha
  3107 | D:4      | Noticed a phantom
  3128 | D:4      | Reached XP level 7. HP: 47/52 MP: 7/7
  3168 | D:4      | Reached skill level 5 in Dodging
  3208 | D:4      | Noticed Natasha
  3309 | D:4      | Killed Natasha
  3595 | D:4      | Noticed Natasha
  3617 | D:4      | Killed Natasha
  4133 | D:5      | Entered Level 5 of the Dungeon
  4133 | D:5      | Noticed Prince Ribbit
  4593 | D:4      | HP: 2/53 [Prince Ribbit (10)]
  4593 | D:4      | Slain by Prince Ribbit

Levels and vault maps discovered:
D:1:      kennysheep_arrival_seaside, layout_loops_ring,
          minmay_gold_behind_fungi, lexackson_kobold_supper
D:2:      layout_loops_cross, first_ration
D:3:      layout_basic, uniq_robin, uniq_jessica, uniq_sigmund
D:4:      layout_loops_ring, uniq_natasha
D:5:      layout_loops_corners, grunt_temple_overflow_bloody_war,
          kennysheep_little_box, temple_hall, serial_shops, nicolae_shop_trees,
          grunt_ministairs_10, uniq_prince_ribbit1, uniq_pikel

Skill      XL: |  1  2  3  4  5  6  7 |
---------------+----------------------+-----
Polearms       | 5 6 7 8 9 10 | 10.5
Fighting       | 3 |  3.9
Dodging        | 5 |  5.5
Throwing       | |  2.0

Action                   |  1- 3 |  4- 6 |  7- 9 || total
-------------------------+-------+-------+-------++-------
Melee: Trident           |   130 |   178 |   126 ||   434
       Unarmed           |       |       |     2 ||     2
Throw: Throwing net      |       |       |     3 ||     3
  Use: Potion            |       |     4 |     2 ||     6
 Stab: Invisible         |       |     2 |       ||     2
       Sleeping          |       |     3 |     1 ||     4
  Eat: Chunk             |       |     7 |     3 ||    10
Armor: Leather armour    |    14 |    24 |       ||    38
       Skin              |       |    25 |     1 ||    26
       Robe              |       |     9 |     8 ||    17
Dodge: Dodged            |    52 |    70 |    50 ||   172

Table legend:
 A = Non-vault XP
 B = Vault XP
 C = Vault XP percentage of total XP
 D = Non-vault monster count
 E = Vault monster count
 F = Vault count percentage of total count
                 A         B        C        D         E       F
            +---------+---------+-------+---------+---------+-------
      Total |     595 |     350 |  37.0 |      59 |      24 |  28.9
            +---------+---------+-------+---------+---------+-------
        D:1 |      46 |      12 |  20.7 |      17 |       8 |  32.0
        D:2 |      51 |      15 |  22.7 |      11 |       1 |   8.3
        D:3 |     143 |     286 |  66.7 |      15 |      14 |  48.3
        D:4 |     355 |      37 |   9.4 |      16 |       1 |   5.9
            +---------+---------+-------+---------+---------+-------
